AoeStats
← CazadorGT

MegaRandom

510364447Analyzed
3v3 RM · 1d ago on Sep 30, 2026· 48m 11s· 6 players
Game mode
Random Map
Map size
Normal (6 player)
Population
200
Speed
Normal
Resources
Standard
Victory
Conquest
Starting age
Dark Age
Ending age
Imperial Age
RankedLock teamsTeams togetherTeam positionsShared explorationLock speedFull tech treeHidden civsTurbo modeCheats
Victory
Defeat
🇳🇱 Wei · Netherlands
1302
+11
🇬🇹 Britons · Guatemala
1210
+14
🇮🇹 Persians · Italy
1097
+18
🇩🇪 Persians · Germany
1217
-16
🇧🇪 Goths · Belgium
1188
-15
🇩🇪 Maya · Germany
1113
-12
AF_Atlantis_PAL
1:47 Loom
13:00 Feudal Age
15:09 Man-at-Arms
20:14 Castle Age
19:06 Double-Bit Axe
23:03 Horse Collar
25:53 Long Swordsman
27:26 Pikeman
29:27 Squires
33:43 Bow Saw
36:02 Anarchy
38:47 Imperial Age
37:20 Anarchy
39:42 Perfusion
42:22 Forging
43:52 Elite Huskarl
46:44 Halberdier
WiLLeX
0:33 Loom
12:16 Feudal Age
13:13 Double-Bit Axe
20:04 Castle Age
19:57 Fletching
20:07 Scale Mail Armor
19:49 Fishing Lines
21:24 Medium Warships
22:17 Squires
22:29 Gillnets
24:06 Arson
25:07 Demolition Ship
26:03 Fervor
26:13 Sanctity
26:47 Bodkin Arrow
26:56 Horse Collar
28:23 Padded Archer Armor
34:54 Imperial Age
33:24 Ballistics
32:45 Treadmill Crane
33:03 Eagle Warrior
33:48 Pikeman
34:46 Chain Mail Armor
34:41 Forging
36:18 Heavy Warships
36:29 Heavy Demolition Ship
37:56 Stone Mining
37:56 Gold Mining
38:20 Bow Saw
39:08 Guilds
39:47 Halberdier
41:43 Conscription
41:44 Leather Archer Armor
41:40 Bracer
41:38 Capped Ram
44:06 Two-Man Saw
44:17 Chemistry
44:01 Hul'che Javelineers
45:23 Wheelbarrow
44:33 Town Watch
44:31 Elite Skirmisher
45:46 Ring Archer Armor
45:51 Iron Casting
Fighthausen
3:01 Loom
10:50 Feudal Age
15:28 Castle Age
14:27 Double-Bit Axe
14:26 Horse Collar
16:14 Wheelbarrow
17:49 Scale Barding Armor
19:03 Chain Barding Armor
36:34 Imperial Age
35:28 Hand Cart
35:17 Heavy Plow
35:30 Bow Saw
35:33 Forging
36:31 Town Watch
37:28 Plate Barding Armor
37:29 Iron Casting
39:09 Conscription
38:12 Cavalier
39:03 Bloodlines
38:54 Husbandry
39:39 Savar
46:32 Blast Furnace
benno
11:56 Feudal Age
12:58 Double-Bit Axe
13:11 Horse Collar
13:40 Gold Mining
14:50 Stone Mining
17:02 Castle Age
15:03 Fishing Lines
16:18 Loom
16:49 Town Watch
18:11 Bow Saw
18:10 Heavy Plow
18:25 Gillnets
19:32 Wheelbarrow
23:35 Scale Barding Armor
24:11 Hand Cart
23:52 Fletching
24:13 Forging
24:34 Husbandry
24:45 Bloodlines
25:32 Gold Shaft Mining
26:42 Chain Barding Armor
27:32 Iron Casting
27:49 Stone Shaft Mining
31:29 Imperial Age
29:07 Bodkin Arrow
29:52 Tuntian
30:27 Ballistics
30:18 Masonry
30:54 Treadmill Crane
31:32 Heavy Hei Guang Cavalry
33:16 Blast Furnace
33:07 Conscription
33:06 Bracer
33:27 Light Cavalry
34:36 Padded Archer Armor
35:49 Squires
35:09 Pikeman
35:54 Scale Mail Armor
36:29 Crop Rotation
36:08 Hussar
37:42 Halberdier
38:08 Arson
38:40 Chain Mail Armor
40:46 Chemistry
39:44 Murder Holes
41:23 Parthian Tactics
42:46 Hoardings
41:55 Man-at-Arms
CazadorGT
8:45 Loom
9:22 Loom
11:56 Feudal Age
16:55 Castle Age
19:06 Horse Collar
23:31 Town Watch
25:05 Fletching
26:47 Double-Bit Axe
27:04 Heavy Plow
27:29 Bodkin Arrow
28:45 Gold Mining
30:01 Padded Archer Armor
34:20 Imperial Age
33:09 Leather Archer Armor
33:18 Ballistics
33:38 Bow Saw
35:06 Bracer
36:08 Chemistry
36:05 Elite Longbowman
36:41 Treadmill Crane
38:02 Two-Man Saw
36:43 Man-at-Arms
38:15 Forging
38:07 Long Swordsman
39:10 Conscription
39:08 Gambesons
41:00 Ring Archer Armor
41:42 Yeomen
40:48 Two-Handed Swordsman
42:20 Iron Casting
41:45 Scale Mail Armor
45:16 Hoardings
45:17 Champion
45:58 Squires
47:22 Blast Furnace
46:37 Chain Mail Armor
49:02 Wheelbarrow
48:27 Town Patrol
verbumdei76
0:50 Loom
15:41 Feudal Age
16:36 Double-Bit Axe
23:03 Castle Age
23:07 Fletching
23:55 Scale Barding Armor
42:47 Fishing Lines
43:21 Medium Warships
43:26 Masonry
Connection lost

Rejoining the realm…

Still unreachable

The connection could not be restored.

Session expired

The server has moved on; the page needs a fresh start.